 Dungeon Crawl Stone Soup version 0.29-a0-275-g389c0b56f3 (webtiles) character file.

Game seed: 10324001582877027487

3333 Ordine the Thaumaturge (level 9, -4/53 HPs)
             Began as a Deep Elf Conjurer on Mar 11, 2022.
             Was a Believer of Vehumet.
             Slain by a slime creature (18 damage)
             ... on level 8 of the Dungeon.
             The game lasted 00:20:23 (10211 turns).

Ordine the Thaumaturge (Deep Elf Conjurer)         Turns: 10211, Time: 00:20:24

Health: -4/53      AC:  4    Str:  4    XL:     9   Next: 71%
Magic:  6/23       EV: 15    Int: 34    God:    Vehumet [**....]
Gold:   107        SH:  0    Dex: 13    Spells: 11/25 levels left

rFire   . . .      SeeInvis +   a - +6 dagger "Murmur" {pain, rPois rCorr}
rCold   . . .      Faith    .   (no shield)
rNeg    . . .      Spirit   .   x - +0 robe
rPois   +          Reflect  .   (no helmet)
rElec   .          Harm     .   y - +0 cloak
rCorr   +          Rampage  .   (no gloves)
Will    .....                   j - +0 pair of boots
Stlth   ++++......              (no amulet)
HPRegen 0.17/turn               t - +6 ring of intelligence
MPRegen 0.18/turn               d - ring of see invisible

@: no status effects
A: no striking features
a: Renounce Religion


You were on level 8 of the Dungeon.
You worshipped Vehumet.
Vehumet was pleased with you.
You visited 2 branches of the dungeon, and saw 9 of its levels.

You collected 368 gold pieces.
You spent 261 gold pieces at shops.

Inventory:

Hand Weapons
 a - the +6 dagger "Murmur" (weapon) {pain, rPois rCorr}
   (You found it on level 4 of the Dungeon)

   In the hands of one skilled in necromantic magic, it inflicts extra damage on
   living creatures.
   rPois:     It protects you from poison.
   rCorr:     It protects you from acid and corrosion.
Armour
 j - a +0 pair of boots (worn)
 x - a +0 robe (worn)
 y - a +0 cloak (worn)
Jewellery
 d - a ring of see invisible (right hand)
 t - a +6 ring of intelligence (left hand)
 w - a +6 ring of strength
Wands
 i - a wand of flame (11)
 A - a wand of polymorph (12)
 D - a wand of mindburst (6)
Scrolls
 c - 2 scrolls of blinking
 e - 4 scrolls of teleportation
 k - 2 scrolls of summoning {unknown}
 l - 3 scrolls of holy word
 o - 2 scrolls of enchant weapon {unknown}
 p - 3 scrolls of vulnerability
 s - 2 scrolls of immolation {unknown}
 B - a scroll of amnesia {unknown}
 E - 2 scrolls of magic mapping {unknown}
Potions
 b - a potion of magic
 f - a potion of cancellation {unknown}
 g - 4 potions of curing {unknown}
 h - 2 potions of might {unknown}
 m - 2 potions of mutation {unknown}
 n - 3 potions of haste {unknown}
 q - 2 potions of attraction {unknown}
 r - 2 potions of heal wounds {unknown}
 u - a potion of experience {unknown}
 v - 2 potions of degeneration {unknown}
 z - a potion of lignification {unknown}
 C - 2 potions of brilliance {unknown}


   Skills:
 + Level 4.9 Fighting
 + Level 7.8 Dodging
 + Level 8.4 Stealth
 + Level 8.6 Spellcasting
 + Level 8.1 Conjurations


You had 11 spell levels left.
You knew the following spells:

 Your Spells              Type           Power      Damage    Failure   Level
a - Magic Dart            Conj           100%       1d8       1%          1
b - Searing Ray           Conj           100%       2d8       1%          2
c - Iskenderun's Mystic   Conj/Tloc      42%        2d10      6%          4
d - Iskenderun's Battles  Conj           63%        2d11      3%          5
e - Blink                 Tloc           28%        N/A       4%          2

Your spell library contained the following spells:

 Spells                   Type           Power      Damage    Failure   Level
 Scorch                   Fire           28%        2d6       4%          2
 Dazzling Flash           Conj/Hex       84%        N/A       1%          3
 Slow                     Hex            56%        N/A       3%          1
 Fulminant Prism          Conj/Hex       21%        3d13      6%          4
 Confusing Touch          Hex            14%        N/A       10%         3
 Lesser Beckoning         Tloc           14%        N/A       10%         3
 Vampiric Draining        Necr           14%        2d7       10%         3
 Lee's Rapid Deconstruct  Erth           7%         3d7*      65%         5
 Manifold Assault         Tloc           14%        N/A       65%         5
 Iron Shot                Conj/Erth      21%        9d5       65%         6
 Spellforged Servitor     Conj/Summ      21%        N/A       99%         7


Dungeon Overview and Level Annotations

Branches:
Dungeon (8/15)             Temple (1/1) D:4
   Lair: D:8-11

Altars:
Ashenzari
Cheibriados
Dithmenos
Fedhas
Gozag
Hepliaklqana
Kikubaaqudgha
Makhleb
Nemelex Xobeh
Okawaru
Qazlal
Ru
Sif Muna
Trog
Uskayaw
Vehumet
Wu Jian
Xom
Yredelemnul
Zin
The Shining One

Shops:
D:4 *   D:7 [


Message History

The bullfrog hits you. The bullfrog closely misses you.
You barely miss the bullfrog.
The bullfrog is lightly wounded.
The bullfrog barely misses you.
You closely miss the bullfrog.
The bullfrog is lightly wounded.
The bullfrog hits you. The bullfrog barely misses you.
You hit the bullfrog.
The bullfrog is moderately wounded.
The bullfrog closely misses you.
A very large slime creature splits.
You closely miss the bullfrog.
The bullfrog is moderately wounded.
The bullfrog hits you. The bullfrog barely misses you.
The slime creature hits your battlesphere!!
Your battlesphere is destroyed!
Casting: Magic Dart (safe; 1% risk of failure)
Confirm with . or Enter, or press ? or * to list all spells.
You blink.
The large slime creature hits you!
The slime creature hits you but does no damage.
The slime creature hits you.
The large slime creature attacks as you move away!
The large slime creature hits you.
A large slime creature splits.
A slime creature merges with something you can't see.
You feel stable enough to blink again.
The slime creature attacks as you move away!
The slime creature hits you!
* * * LOW HITPOINT WARNING * * *
The slime creature attacks as you move away!
The slime creature hits you.
* * * LOW HITPOINT WARNING * * *
The slime creature jiggles.
The slime creature attacks as you move away!
The slime creature misses you.
The slime creature attacks as you move away!
The slime creature barely misses you.
The slime creature attacks as you move away!
The slime creature misses you.
The slime creature attacks as you move away!
The slime creature hits you!!
You die...

#.##.# #.# #..........###
###.##.####.#######)#####..J....
#.................. #####.##
#.#.##.###..####### #..J
#.#.#### #....<.# ##########
#.#)# #...##.# #......... #.#.#
#...##.#######.######## #.#.#
#...#...........# # #.#<#
##.##.@#######..# #.#.####
#.#...J.F.# #..# #.#....#
#.#...###J# #..# ##.####.#
#.#...###.###..##### #..# #.#
#.#...##.F.........# # #.## #.#
#.#...##.##.###.##.### #.#
#.####.#...##.##.# #..J.... #.#
##................###.##.### #.#
#.[.........##.###...###.# #


You could see 2 slime creatures and a bullfrog.

Vanquished Creatures
  An unseen horror (D:8)
  3 slime creatures (D:8)
  Eustachio (D:5)
  Menkaure (D:4)
  An ice beast (D:8)
  A black bear (D:7)
  3 ogres
  2 centaurs
  2 kobold brigands (D:7)
  2 bullfrogs (D:7)
  A necrophage (D:5)
  2 gnoll sergeants
  6 scorpions
  4 wights (D:8)
  A hound (D:6)
  3 orc priests
  2 jellies (D:4)
  Crazy Yiuf (D:5)
  Jessica (D:3)
  2 iguanas (D:5)
  4 orc wizards
  Terence (D:3)
  9 gnolls (D:7)
  6 adders
  A shadow imp (D:5)
  A white imp (D:6)
  An ufetubus (D:5)
  A worm (D:2)
  2 dart slugs
  16 orcs
  3 ball pythons
  7 endoplasms
  6 giant cockroaches
  6 goblins
  5 hobgoblins
  9 jackals
  15 kobolds
  2 quokkas
  5 bats
  2 frilled lizards (D:3)
  4 rats
146 creatures vanquished.

Vanquished Creatures (others)
  2 fungi (D:5)
2 creatures vanquished.

Grand Total: 148 creatures vanquished

Notes
Turn   | Place    | Note
-------+----------+-------------------------------------------
     0 | D:1      | Ordine the Deep Elf Conjurer began the quest for the Orb.
     0 | D:1      | Reached XP level 1. HP: 10/10 MP: 6/6
   250 | D:1      | Reached XP level 2. HP: 16/16 MP: 5/8
   292 | D:1      | Learned a level 2 spell: Searing Ray
  1332 | D:2      | Found a faded altar of an unknown god.
  1358 | D:2      | Reached XP level 3. HP: 20/20 MP: 6/9
  2054 | D:3      | Reached skill level 1 in Fighting
  2670 | D:3      | Noticed Terence
  3054 | D:3      | Reached XP level 4. HP: 25/25 MP: 4/11
  3145 | D:3      | Learned a level 4 spell: Iskenderun's Mystic Blast
  3150 | D:3      | Killed Terence
  3271 | D:3      | Noticed Jessica
  3276 | D:3      | Killed Jessica
  3277 | D:3      | Reached skill level 5 in Conjurations
  3514 | D:4      | Found Iptom's Assorted Antiques.
  3520 | D:4      | Bought 2 green potions for 48 gold pieces
  3520 | D:4      | Bought a viscous silvery potion for 24 gold pieces
  3520 | D:4      | Bought a scroll labelled LIPHOTTUES for 27 gold pieces
  3569 | D:4      | Found a staircase to the Ecumenical Temple.
  3572 | D:4      | Noticed Menkaure
  3577 | Temple   | Entered the Ecumenical Temple
  3778 | Temple   | Became a worshipper of Vehumet
  3846 | D:4      | Killed Menkaure
  3847 | D:4      | Reached XP level 5. HP: 17/30 MP: 4/13
  4198 | D:4      | Reached XP level 6. HP: 24/35 MP: 8/15
  4749 | D:4      | Reached skill level 5 in Spellcasting
  4826 | D:4      | Identified the +6 dagger "Murmur" {pain, rPois rCorr}
  4885 | D:5      | Entered Level 5 of the Dungeon
  4966 | D:5      | Noticed Eustachio
  4974 | D:5      | Learned a level 5 spell: Iskenderun's Battlesphere
  4980 | D:5      | Killed Eustachio
  4981 | D:5      | Reached skill level 5 in Stealth
  4981 | D:5      | Reached XP level 7. HP: 40/40 MP: 7/17
  5367 | D:5      | Reached * piety under Vehumet
  5367 | D:5      | Offered knowledge of Foxfire by Vehumet.
  5507 | D:5      | Reached skill level 5 in Dodging
  6195 | D:5      | Found a runed translucent door.
  6196 | D:5      | Noticed Crazy Yiuf
  6278 | D:5      | Killed Crazy Yiuf
  6599 | D:6      | Reached XP level 8. HP: 46/46 MP: 8/19
  7559 | D:7      | Found Copyni's Antique Armour Emporium.
  8082 | D:7      | Offered knowledge of Scorch by Vehumet.
  8083 | D:7      | Reached ** piety under Vehumet
  8198 | D:7      | Reached XP level 9. HP: 52/52 MP: 13/22
  8500 | D:4      | Bought a long bone wand for 108 gold pieces
  8500 | D:4      | Bought 2 scrolls labelled IXUCLE ABBAEHO for 54 gold pieces
  9505 | D:8      | Found a shimmering altar of Xom.
  9505 | D:8      | Noticed an unseen horror
  9511 | D:8      | Killed an unseen horror
  9556 | D:8      | Learned a level 2 spell: Blink
 10211 | D:8      | Slain by a slime creature

Illustrated notes

Levels and vault maps discovered:
D:1:      minmay_arrival_four_loops, layout_basic
D:2:      layout_basic, dreamdust_ecumenical_altar_statues
D:3:      kb_forest_paths, layout_rooms, uniq_jessica, uniq_terence
D:4:      layout_rooms, minmay_temple_entry_trees, serial_shops,
          kennysheep_little_box, uniq_menkaure
D:5:      layout_basic, uniq_crazy_yiuf_cottage, uniq_eustachio
D:6:      layout_loops_cross, dk_rats_in_the_wall
D:7:      layout_cave_pools, serial_shops, shop_statue
D:8:      layout_loops_ring, hangedman_feature_mirror, moated_statue,
          amcnicky_mini_pool_small
Temple:   mainiacjoe_temple_archimedes_tessellation

Skill      XL: |  1  2  3  4  5  6  7  8  9 |
---------------+----------------------------+-----
Stealth        | 3 4 5 6 7 8 |  8.4
Dodging        | 3 4 5 6 7 |  7.8
Fighting       | 1 2 3 4 |  4.9
Spellcasting   | 4 5 6 7 8 |  8.6
Conjurations   | 5 6 7 8 |  8.1

Action                   |  1- 3 |  4- 6 |  7- 9 || total
-------------------------+-------+-------+-------++-------
Melee: Dagger            |       |       |    20 ||    20
       Punch             |       |       |     1 ||     1
 Cast: Magic Dart        |    67 |    59 |   192 ||   318
       Searing Ray       |     5 |     6 |    21 ||    32
       Iskenderun's Batt |       |     1 |    19 ||    20
       Iskenderun's Myst |       |       |     7 ||     7
       Blink             |       |       |     1 ||     1
  Use: Scroll            |       |       |     5 ||     5
Armor: Robe              |     2 |     5 |     7 ||    14
Dodge: Dodged            |    14 |     8 |    58 ||    80

Table legend: (Time is in decaauts)
 A = Elapsed time spent in this place.
 B = Non-inter-level travel time spent in this place.
 C = Inter-level travel time spent in this place.
 D = Time resting spent in this place.
 E = Time spent auto-exploring this place.
 F = Levels seen in this place.
 G = Mean time per level.
                   A        B        C        D        E       F      G
               +--------+--------+--------+--------+--------+-----+--------+
         Total |  10217 |   9710 |    507 |   1257 |   7406 |   9 | 1135.2 |
       Dungeon |   9674 |   9224 |    450 |    977 |   7234 |   8 | 1209.2 |
        Temple |    542 |    485 |     57 |    280 |    172 |   1 |  542.0 |
               +--------+--------+--------+--------+--------+-----+--------+

Top non-repeatable levels by time:
     D:5: 1674 daAuts
     D:2: 1527 daAuts
     D:8: 1215 daAuts
     D:6: 1190 daAuts
     D:7: 1163 daAuts
     D:4: 976 daAuts
     D:3: 963 daAuts
     D:1: 963 daAuts
  Temple: 542 daAuts
